cohdb
Replays
Latest Replays
All Replays
Popular Replays
Top Player Replays
Match Explorer
How It Works
Community
CoH3 Stats
Reddit
Sign in to upload your games and track your stats! →
Sign in with Steam
Match 45762138
Unlisted
Match 45762138
Overview
Messages
Build Orders
End
Kradschützen Motorcycle Team
Panzergrenadier Squad
Panzergrenadier Squad
Panzergrenadier Squad
Construct Light Support Kompanie
Fire Support Elements
Veteran Squad Leaders
Panzerjäger Mechanized Group
Flakvierling Half-track
Selects Armored Support Battlegroup
Selects Veteran Gunners
Selects Salvage Kits
Vehicle Survival Package
2.5-tonne Medical Truck
Pak 38 Mechanized Group
Selects Panzer Storm
Selects Stuka Dive Bomb
Construct Panzerarmee Kommand
Armored Reserves
2.5-tonne Medical Truck
Selects Flammpanzer III Medium Tank
Stuka Dive Bomb
bigcheese
HuntingEVER
Lilfuture
Rashid al-Din Fadlullah Hamadani
Meder
~♥~ Няшка ~♥~
0
0
Comments
sign in to comment!
No comments posted yet!